San Jose Sharks vs Anaheim Ducks
Created - Monday, February 3, 2025 at 09:39
Goals
|
| San Jose Sharks |
1 |
0 |
1 |
0 |
0 |
2 |
| Anaheim Ducks |
0 |
1 |
1 |
0 |
1 |
3 |
|
Shots
|
| San Jose Sharks |
8 |
13 |
14 |
1 |
4 |
36 |
| Anaheim Ducks |
8 |
12 |
16 |
0 |
4 |
36 |
|
1st period
1. San Jose Sharks , Anthony Mantha 1 (Jonathan Drouin 1, Dmitry Orlov 1) at 1:51
Penalties :
Mark Scheifele (ANA) for Hooking (Minor) at 14:17
2nd period
2. Anaheim Ducks , Chandler Stephenson 1 (Josh Manson 1) at 13:48
Penalties :
Max Domi (SJS) for Cross-checking (Minor) at 0:42, Dmitry Orlov (SJS) for Tripping (Minor) at 8:34
3rd period
3. San Jose Sharks , Christian Dvorak 1 (Dmitry Orlov 2, Anthony Mantha 2) at 13:49
4. Anaheim Ducks , Mark Scheifele 2 (Josh Manson 2) at 16:55
Penalties :
Marcus Pettersson (SJS) for Interference (Minor) at 6:42, Christopher Tanev (SJS) for Holding (Minor) at 10:46, Eeli Tolvanen (SJS) for Tripping (Minor) at 18:43
Overtime #1
No Goal
Penalties :
No Penalty
Shootout
San Jose Sharks, Adam Henrique - Shot Misses the Net
Anaheim Ducks, Alexandre Texier - Stopped by Logan Thompson
San Jose Sharks, Yegor Sharangovich - Shot Misses the Net
Anaheim Ducks, Brenden Dillon - Stopped by Logan Thompson
San Jose Sharks, Jonathan Drouin - Stopped by Linus Ullmark
Anaheim Ducks, Mark Scheifele - Stopped by Logan Thompson
San Jose Sharks, Anthony Mantha - Stopped by Linus Ullmark
Anaheim Ducks, John Tavares - Goal!
Penalties :
No Penalty
Goalie Stats
Logan Thompson (SJS), 34 saves from 36 shots - (0.944), OTL, 1-0-1, 65:00 minutes
Linus Ullmark (ANA), 34 saves from 36 shots - (0.944), W, 1-2-0, 65:00 minutes
Players Stats for San Jose Sharks
Player Name G A P +/- PIM S H SB GA TA FO MP PP MP PK MP
------------------------------------------------------------------------------------
Adam Henrique 0 0 0 0 0 2 0 0 0 1 15/30 20:45 1:02 4:52
Anthony Mantha 1 1 2 2 0 3 2 0 2 0 0/1 21:23 0:57 4:44
Christian Dvorak 1 0 1 2 0 1 1 1 0 0 9/21 12:19 0:00 0:01
Christopher Tanev 0 0 0 0 2 0 2 0 0 0 0/0 26:40 0:59 3:48
Connor Murphy 0 0 0 -2 0 2 1 3 1 0 0/0 23:24 1:00 4:41
Dmitry Orlov 0 2 2 2 2 1 4 0 0 0 0/0 14:32 0:00 0:28
Eeli Tolvanen 0 0 0 0 2 2 2 0 1 0 0/1 10:31 0:00 0:00
Jack Roslovic 0 0 0 0 0 3 1 0 0 0 0/0 10:16 0:00 0:00
Jonathan Drouin 0 1 1 2 0 1 2 0 0 1 1/3 20:28 0:00 4:44
Kevin Fiala 0 0 0 0 0 4 2 0 1 0 0/0 14:32 1:02 0:00
Marcus Pettersson 0 0 0 0 2 0 0 1 0 0 0/0 27:32 0:59 4:16
Matthew Knies 0 0 0 -2 0 3 0 1 0 1 0/1 13:35 0:57 0:01
Max Domi 0 0 0 -2 2 4 2 0 0 1 3/9 13:38 0:57 0:00
Nick Perbix 0 0 0 2 0 0 0 0 0 1 0/0 15:23 0:00 1:56
Ryan Poehling 0 0 0 0 0 0 1 0 0 0 2/3 9:11 0:00 0:00
Sean Durzi 0 0 0 -2 0 0 1 5 0 1 0/0 23:10 1:00 4:41
T.J. Oshie 0 0 0 -2 0 3 2 2 0 0 0/0 11:46 0:00 0:00
Yegor Sharangovich 0 0 0 0 0 7 1 1 0 0 1/2 20:55 1:02 4:45
Players Stats for Anaheim Ducks
Player Name G A P +/- PIM S H SB GA TA FO MP PP MP PK MP
------------------------------------------------------------------------------------
Alex Killorn 0 0 0 0 0 3 1 0 0 0 0/1 17:11 3:59 0:30
Alexandre Texier 0 0 0 1 0 0 1 0 0 0 0/0 13:19 0:01 0:13
Alexey Toropchenko 0 0 0 -1 0 0 1 0 0 0 0/0 7:41 0:00 0:00
Brayden Schenn 0 0 0 0 0 1 1 2 0 0 0/0 19:03 3:59 1:16
Brenden Dillon 0 0 0 2 0 1 2 1 0 0 0/0 14:33 0:00 0:40
Chandler Stephenson 1 0 1 1 0 4 1 0 2 0 0/0 11:56 0:01 0:30
Esa Lindell 0 0 0 0 0 0 2 0 1 1 0/0 25:38 3:03 1:19
Ivan Provorov 0 0 0 -2 0 0 2 2 0 0 0/0 23:37 3:03 1:19
J.T. Compher 0 0 0 1 0 0 4 0 0 0 9/13 12:57 0:01 1:16
John Tavares 0 0 0 0 0 5 1 2 0 1 2/4 24:30 5:12 0:13
Josh Manson 0 2 2 2 0 1 0 0 0 1 0/0 14:26 0:00 0:40
Joshua Morrissey 0 0 0 0 0 2 0 1 0 0 0/0 26:50 6:09 0:00
Luke Evangelista 0 0 0 -1 0 1 1 0 0 0 0/0 7:41 0:00 0:00
Mark Scheifele 1 0 1 0 2 7 5 0 1 0 16/33 24:33 5:12 0:00
Mason Marchment 0 0 0 -1 0 1 2 0 1 0 1/3 7:41 0:00 0:00
Morgan Rielly 0 0 0 -2 0 0 5 1 0 2 0/0 24:56 6:09 0:00
Nazem Kadri 0 0 0 0 0 4 2 0 0 0 10/15 17:17 3:59 0:00
William Nylander 0 0 0 0 0 6 4 1 1 0 2/2 24:11 5:12 0:00
3 Stars
1 - Anthony Mantha (SJS)
2 - Linus Ullmark (ANA)
3 - Josh Manson (ANA)
Power Play
San Jose Sharks - 0 on 1 Attempt(s) - 0.00%
Anaheim Ducks - 0 on 5 Attempt(s) - 0.00%
Penalty Kill
San Jose Sharks - 5 on 5 Attempt(s) - 100.00%
- Score 0 goal in Penalty Kill
Anaheim Ducks - 1 on 1 Attempt(s) - 100.00%
- Score 0 goal in Penalty Kill
Team Stat
San Jose Sharks - Hits : 24 - Faceoff Wins : 31 - Blocked Shots : 14 - Penalty Minutes : 10
Anaheim Ducks - Hits : 35 - Faceoff Wins : 40 - Blocked Shots : 10 - Penalty Minutes : 2
Official
Referees : Brandon Blandina and Chris Rooney
Linesman : Matt MacPherson and Joseph Mahon
Game Notes
Christian Dvorak is injured at 14:44 of 3rd period (Bruised Left Shoulder)
Finance
Level 1 -- Attendance: 4437 (73.95%) -- Ticket Income $443,700
Level 2 -- Attendance: 3466 (69.32%) -- Ticket Income $207,960
Level 3 -- Attendance: 2070 (69.00%) -- Ticket Income $95,220
Level 4 -- Attendance: 3701 (74.02%) -- Ticket Income $92,525
Luxury Box -- Attendance: 774 (77.40%) -- Ticket Income $154,800
Game was played at the Honda Center.
Total Attendance: 14448 (72.24%)
Total Ticket Income: $994,205
Other Income: $347,972
Total Income: $1,342,177
San Jose Sharks
5 vs 5 Forward
Center Left Wing Right Wing Time % Phy DF OF
1 Adam Henrique Yegor Sharangovich Kevin Fiala 30 1 2 2
2 Christian Dvorak Anthony Mantha Jonathan Drouin 30 1 2 2
3 Max Domi Matthew Knies T.J. Oshie 25 1 2 2
4 Ryan Poehling Eeli Tolvanen Jack Roslovic 15 1 2 2
5 vs 5 Defense
Defense Defense Time % Phy DF OF
1 Marcus Pettersson Christopher Tanev 30 1 2 2
2 Connor Murphy Sean Durzi 30 1 2 2
3 Dmitry Orlov Nick Perbix 25 1 2 2
4 Marcus Pettersson Christopher Tanev 15 1 2 2
PowerPlay Forward
Center Left Wing Right Wing Time % Phy DF OF
1 Adam Henrique Kevin Fiala Yegor Sharangovich 50 1 2 2
2 Max Domi Anthony Mantha Matthew Knies 50 1 2 2
PowerPlay Defense
Defense Defense Time % Phy DF OF
1 Marcus Pettersson Christopher Tanev 50 1 2 2
2 Connor Murphy Sean Durzi 50 1 2 2
Penalty Kill 4 Players Forward
Center Wing Time % Phy DF OF
1 Adam Henrique Yegor Sharangovich 50 1 2 2
2 Jonathan Drouin Anthony Mantha 50 1 2 2
Penalty Kill 4 Players Defense
Defense Defense Time % Phy DF OF
1 Marcus Pettersson Christopher Tanev 50 1 2 2
2 Connor Murphy Sean Durzi 50 1 2 2
Penalty Kill - 3 Players Forward
Forward Time % Phy DF OF
1 Adam Henrique 50 1 2 2
2 Yegor Sharangovich 50 1 2 2
Penalty Kill - 3 Players Defense
Defense Defense Time % Phy DF OF
1 Marcus Pettersson Christopher Tanev 50 1 2 2
2 Connor Murphy Sean Durzi 50 1 2 2
4 vs 4 Forward
Center Wing Time % Phy DF OF
1 Adam Henrique Yegor Sharangovich 50 1 2 2
2 Jonathan Drouin Anthony Mantha 50 1 2 2
4 vs 4 Defense
Defense Defense Time % Phy DF OF
1 Marcus Pettersson Christopher Tanev 50 1 2 2
2 Connor Murphy Sean Durzi 50 1 2 2
Last Minutes Offensive
Center Left Wing Right Wing Defense Defense
Adam Henrique Yegor Sharangovich Jonathan Drouin Marcus Pettersson Christopher Tanev
Last Minutes Defensive
Center Left Wing Right Wing Defense Defense
Adam Henrique Yegor Sharangovich Jonathan Drouin Marcus Pettersson Christopher Tanev
Goaltenders
Starting : Logan Thompson
Backup : Tristan Jarry
Extra Forwards
Normal : Eeli Tolvanen, Jack Roslovic, Christian Dvorak - PP : Eeli Tolvanen, Jack Roslovic - PK : Christian Dvorak
Extra Defensemen
Normal : Dmitry Orlov, Nick Perbix, Connor Murphy - PP : Dmitry Orlov - PK : Nick Perbix, Connor Murphy
Penalty Shots
Adam Henrique, Yegor Sharangovich, Jonathan Drouin, Anthony Mantha, T.J. Oshie
Scratches
Ilya Mikheyev (Healthy), Kasperi Kapanen (Healthy), Mike Hoffman (Healthy), Calle Jarnkrok (Healthy), Clay Stevenson (Healthy)
Anaheim Ducks
5 vs 5 Forward
Center Left Wing Right Wing Time % Phy DF OF
1 Mark Scheifele John Tavares William Nylander 40 1 2 2
2 Nazem Kadri Alex Killorn Brayden Schenn 30 1 2 2
3 J.T. Compher Chandler Stephenson Alexandre Texier 20 1 2 2
4 Mason Marchment Alexey Toropchenko Luke Evangelista 10 1 2 2
5 vs 5 Defense
Defense Defense Time % Phy DF OF
1 Esa Lindell Joshua Morrissey 40 1 2 2
2 Ivan Provorov Morgan Rielly 35 1 2 2
3 Brenden Dillon Josh Manson 25 1 2 2
4 Esa Lindell Ivan Provorov 0 1 2 2
PowerPlay Forward
Center Left Wing Right Wing Time % Phy DF OF
1 Mark Scheifele John Tavares William Nylander 60 1 1 3
2 Nazem Kadri Alex Killorn Brayden Schenn 40 1 1 3
PowerPlay Defense
Defense Defense Time % Phy DF OF
1 Morgan Rielly Joshua Morrissey 60 1 1 3
2 Ivan Provorov Esa Lindell 40 1 2 2
Penalty Kill 4 Players Forward
Center Wing Time % Phy DF OF
1 J.T. Compher Brayden Schenn 60 1 3 1
2 Chandler Stephenson Alex Killorn 40 1 3 1
Penalty Kill 4 Players Defense
Defense Defense Time % Phy DF OF
1 Esa Lindell Ivan Provorov 60 1 3 1
2 Josh Manson Brenden Dillon 40 1 3 1
Penalty Kill - 3 Players Forward
Forward Time % Phy DF OF
1 J.T. Compher 60 1 4 0
2 Brayden Schenn 40 1 4 0
Penalty Kill - 3 Players Defense
Defense Defense Time % Phy DF OF
1 Esa Lindell Ivan Provorov 60 1 4 0
2 Josh Manson Brenden Dillon 40 1 4 0
4 vs 4 Forward
Center Wing Time % Phy DF OF
1 Mark Scheifele William Nylander 60 1 2 2
2 Nazem Kadri John Tavares 40 1 2 2
4 vs 4 Defense
Defense Defense Time % Phy DF OF
1 Esa Lindell Joshua Morrissey 60 1 2 2
2 Morgan Rielly Ivan Provorov 40 1 2 2
Last Minutes Offensive
Center Left Wing Right Wing Defense Defense
Mark Scheifele John Tavares William Nylander Joshua Morrissey Morgan Rielly
Last Minutes Defensive
Center Left Wing Right Wing Defense Defense
J.T. Compher Alex Killorn Brayden Schenn Ivan Provorov Esa Lindell
Goaltenders
Starting : Linus Ullmark
Backup : James Reimer
Extra Forwards
Normal : William Nylander, Mark Scheifele, John Tavares - PP : William Nylander, Mark Scheifele - PK : J.T. Compher
Extra Defensemen
Normal : Esa Lindell, Morgan Rielly, Brenden Dillon - PP : Joshua Morrissey - PK : Esa Lindell, Ivan Provorov
Penalty Shots
Alexandre Texier, Brenden Dillon, Mark Scheifele, John Tavares, Brayden Schenn
Scratches
Jakob Chychrun (Healthy)
% Time on Ice - San Jose Sharks
Lines # - Real PCT - Wanted PCT - Time Play
Normal Forward
1 - 28% - 30% - 13:52
2 - 29% - 30% - 14:00
3 - 24% - 25% - 11:46
4 - 19% - 15% - 9:11
Normal Defense
1 - 30% - 30% - 14:47
2 - 32% - 30% - 15:39
3 - 24% - 25% - 11:56
4 - 13% - 15% - 6:27
PP Forward
1 - 52% - 50% - 1:02
2 - 48% - 50% - 0:57
PP Defense
1 - 50% - 50% - 0:59
2 - 50% - 50% - 1:00
PK Forward
1 - 49% - 50% - 4:28
2 - 51% - 50% - 4:44
PK Defense
1 - 49% - 50% - 4:31
2 - 51% - 50% - 4:41
PK3 Forward
1 - 58% - 50% - 0:25
2 - 42% - 50% - 0:18
PK3 Defense
1 - 100% - 50% - 0:43
2 - 0% - 50% - 0:00
44 Forward
1 - 52% - 50% - 2:13
2 - 48% - 50% - 2:04
44 Defense
1 - 51% - 50% - 2:11
2 - 49% - 50% - 2:06
Last Minute Offensive - 0:00
Last Minute Defensive - 0:00
Total
Forward - 65:00
Defense - 65:00
|
% Time on Ice - Anaheim Ducks
Lines # - Real PCT - Wanted PCT - Time Play
Normal Forward
1 - 36% - 40% - 17:39
2 - 25% - 30% - 12:25
3 - 23% - 20% - 11:04
4 - 16% - 10% - 7:41
Normal Defense
1 - 39% - 40% - 18:54
2 - 32% - 35% - 15:28
3 - 27% - 25% - 13:14
4 - 2% - 0% - 1:13
PP Forward
1 - 57% - 60% - 5:13
2 - 43% - 40% - 3:59
PP Defense
1 - 67% - 60% - 6:09
2 - 33% - 40% - 3:03
PK Forward
1 - 75% - 60% - 1:29
2 - 25% - 40% - 0:30
PK Defense
1 - 66% - 60% - 1:19
2 - 34% - 40% - 0:40
PK3 Forward
1 - 0% - 60%
2 - 0% - 40%
PK3 Defense
1 - 0% - 60%
2 - 0% - 40%
44 Forward
1 - 82% - 60% - 4:07
2 - 18% - 40% - 0:53
44 Defense
1 - 53% - 60% - 2:39
2 - 47% - 40% - 2:21
Last Minute Offensive - 0:00
Last Minute Defensive - 0:00
Total
Forward - 65:00
Defense - 65:00
|
Play-by-Play
1st period
0:01 of 1st period - Adam Henrique wins face-off versus Mark Scheifele in neutral zone.
0:04 of 1st period - Mark Scheifele is hit by Kevin Fiala and loses puck.
0:08 of 1st period - Icing by Esa Lindell.
0:09 of 1st period - Mark Scheifele wins face-off versus Adam Henrique in Anaheim Ducks zone.
0:32 of 1st period - Snap shot by Mark Scheifele.
0:32 of 1st period - Shot Misses the Net.
0:34 of 1st period - Wrist shot by William Nylander.
0:34 of 1st period - Stopped by Logan Thompson without a rebound.
0:35 of 1st period - Christian Dvorak wins face-off versus Nazem Kadri in San Jose Sharks zone.
0:47 of 1st period - Off-side.
0:48 of 1st period - J.T. Compher wins face-off versus Max Domi in neutral zone.
1:09 of 1st period - Nick Perbix is hit by Chandler Stephenson and loses puck.
1:44 of 1st period - Alexey Toropchenko is hit by Dmitry Orlov and loses puck.
1:51 of 1st period - Wrist shot by Anthony Mantha.
1:51 of 1st period - Goal by Anthony Mantha - San Jose Sharks : 1 - Anaheim Ducks : 0.
1:52 of 1st period - Mark Scheifele wins face-off versus Christian Dvorak in neutral zone.
1:55 of 1st period - Wrist shot by John Tavares.
1:55 of 1st period - Stopped by Logan Thompson without a rebound.
1:56 of 1st period - Christian Dvorak wins face-off versus Mark Scheifele in San Jose Sharks zone.
2:09 of 1st period - Jonathan Drouin is hit by Morgan Rielly and loses puck.
2:29 of 1st period - Snap shot by T.J. Oshie.
2:29 of 1st period - Deflect By Max Domi.
2:29 of 1st period - Shot Misses the Net.
2:29 of 1st period - Puck is out of play.
2:30 of 1st period - J.T. Compher wins face-off versus Adam Henrique in Anaheim Ducks zone.
3:15 of 1st period - Yegor Sharangovich is hit by Alex Killorn and loses puck.
3:38 of 1st period - Slapshot by Kevin Fiala.
3:38 of 1st period - Deflect By Yegor Sharangovich.
3:38 of 1st period - Shot Misses the Net.
3:38 of 1st period - Puck is out of play.
3:39 of 1st period - Max Domi wins face-off versus Mason Marchment in Anaheim Ducks zone.
3:44 of 1st period - Snap shot by T.J. Oshie.
3:44 of 1st period - Deflect By Matthew Knies.
3:44 of 1st period - Stopped by Linus Ullmark with a rebound.
3:46 of 1st period - Snap shot by Connor Murphy.
3:46 of 1st period - Shot Blocked by Ivan Provorov.
4:09 of 1st period - Slapshot by William Nylander.
4:09 of 1st period - Stopped by Logan Thompson with a rebound.
4:29 of 1st period - Ryan Poehling is hit by Nazem Kadri.
4:54 of 1st period - Connor Murphy is hit by Ivan Provorov and loses puck.
5:40 of 1st period - Esa Lindell is hit by Eeli Tolvanen.
6:28 of 1st period - Christian Dvorak is hit by Alexey Toropchenko and loses puck.
6:54 of 1st period - Icing by Josh Manson.
6:55 of 1st period - Mark Scheifele wins face-off versus Adam Henrique in Anaheim Ducks zone.
7:10 of 1st period - Snap shot by William Nylander.
7:10 of 1st period - Shot Blocked by Connor Murphy.
7:22 of 1st period - Slapshot by John Tavares.
7:22 of 1st period - Shot Blocked by Sean Durzi.
7:34 of 1st period - Wrist shot by Kevin Fiala.
7:34 of 1st period - Stopped by Linus Ullmark with a rebound.
8:04 of 1st period - Snap shot by John Tavares.
8:04 of 1st period - Shot Blocked by Yegor Sharangovich.
8:10 of 1st period - Wrist shot by Mark Scheifele.
8:10 of 1st period - Shot Misses the Net.
8:12 of 1st period - Slapshot by Josh Manson.
8:12 of 1st period - Shot Misses the Net.
8:24 of 1st period - Snap shot by Mark Scheifele.
8:24 of 1st period - Shot Blocked by Sean Durzi.
9:13 of 1st period - Wrist shot by John Tavares.
9:13 of 1st period - Stopped by Logan Thompson without a rebound.
9:14 of 1st period - Nazem Kadri wins face-off versus Christian Dvorak in San Jose Sharks zone.
9:47 of 1st period - Wrist shot by Matthew Knies.
9:47 of 1st period - Stopped by Linus Ullmark with a rebound.
10:03 of 1st period - Wrist shot by Luke Evangelista.
10:03 of 1st period - Deflect By Marcus Pettersson.
10:03 of 1st period - Stopped by Logan Thompson without a rebound.
10:04 of 1st period - Mason Marchment wins face-off versus Ryan Poehling in San Jose Sharks zone.
10:09 of 1st period - Snap shot by Luke Evangelista.
10:09 of 1st period - Shot Misses the Net.
10:11 of 1st period - Slapshot by Joshua Morrissey.
10:11 of 1st period - Stopped by Logan Thompson without a rebound.
10:12 of 1st period - Christian Dvorak wins face-off versus Nazem Kadri in San Jose Sharks zone.
10:21 of 1st period - Snap shot by Jonathan Drouin.
10:21 of 1st period - Shot Blocked by Brayden Schenn.
11:17 of 1st period - Ivan Provorov is hit by Jonathan Drouin and loses puck.
11:34 of 1st period - Dmitry Orlov is hit by J.T. Compher and loses puck.
11:54 of 1st period - Jack Roslovic is hit by Mason Marchment and loses puck.
12:36 of 1st period - Alex Killorn is hit by T.J. Oshie and loses puck.
13:04 of 1st period - Connor Murphy is hit by Brenden Dillon and loses puck.
13:52 of 1st period - Christopher Tanev is hit by J.T. Compher and loses puck.
14:17 of 1st period - Minor Penalty to Mark Scheifele for Hooking.
14:18 of 1st period - J.T. Compher wins face-off versus Adam Henrique in Anaheim Ducks zone.
14:24 of 1st period - Icing by Christopher Tanev.
14:25 of 1st period - Adam Henrique wins face-off versus J.T. Compher in San Jose Sharks zone.
14:36 of 1st period - Snap shot by Yegor Sharangovich.
14:36 of 1st period - Stopped by Linus Ullmark without a rebound.
14:37 of 1st period - Max Domi wins face-off versus J.T. Compher in Anaheim Ducks zone.
14:42 of 1st period - Snap shot by Max Domi.
14:42 of 1st period - Shot Misses the Net.
14:44 of 1st period - Slapshot by Connor Murphy.
14:44 of 1st period - Stopped by Linus Ullmark without a rebound.
14:45 of 1st period - J.T. Compher wins face-off versus Max Domi in Anaheim Ducks zone.
16:17 of 1st period - Penalty to Mark Scheifele is over, Mark Scheifele is back on ice.
16:22 of 1st period - Esa Lindell is hit by Dmitry Orlov and loses puck.
16:29 of 1st period - Snap shot by Eeli Tolvanen.
16:29 of 1st period - Stopped by Linus Ullmark with a rebound.
16:31 of 1st period - Slapshot by Eeli Tolvanen.
16:31 of 1st period - Stopped by Linus Ullmark with a rebound.
17:03 of 1st period - T.J. Oshie is hit by Nazem Kadri and loses puck.
17:10 of 1st period - Snap shot by Alex Killorn.
17:10 of 1st period - Stopped by Logan Thompson with a rebound.
17:12 of 1st period - Slapshot by Brenden Dillon.
17:12 of 1st period - Stopped by Logan Thompson with a rebound.
18:19 of 1st period - Josh Manson is hit by Ryan Poehling.
18:31 of 1st period - J.T. Compher is hit by Dmitry Orlov and loses puck.
19:08 of 1st period - Alexey Toropchenko is hit by Connor Murphy and loses puck.
19:46 of 1st period - Chandler Stephenson is hit by Dmitry Orlov and loses puck.
Goals for this period are 1 for San Jose Sharks vs 0 for Anaheim Ducks.
Shots for this period are 8 for San Jose Sharks vs 8 for Anaheim Ducks.
2nd period
0:01 of 2nd period - William Nylander wins face-off versus Anthony Mantha in neutral zone.
0:16 of 2nd period - Slapshot by Mark Scheifele.
0:16 of 2nd period - Shot Misses the Net.
0:26 of 2nd period - Matthew Knies is hit by Morgan Rielly and loses puck.
0:42 of 2nd period - Minor Penalty to Max Domi for Cross-checking.
0:43 of 2nd period - Adam Henrique wins face-off versus Mark Scheifele in San Jose Sharks zone.
0:53 of 2nd period - Off-side.
0:54 of 2nd period - Mark Scheifele wins face-off versus Jonathan Drouin in neutral zone.
1:01 of 2nd period - Snap shot by William Nylander.
1:01 of 2nd period - Stopped by Logan Thompson with a rebound.
1:07 of 2nd period - Wrist shot by William Nylander.
1:07 of 2nd period - Deflect By John Tavares.
1:07 of 2nd period - Shot Blocked by Connor Murphy.
1:07 of 2nd period - Puck is out of play.
1:08 of 2nd period - Adam Henrique wins face-off versus Mark Scheifele in San Jose Sharks zone.
1:08 of 2nd period - Adam Henrique is hit by Morgan Rielly.
2:42 of 2nd period - Penalty to Max Domi is over, Max Domi is back on ice.
2:46 of 2nd period - Snap shot by Max Domi.
2:46 of 2nd period - Stopped by Linus Ullmark with a rebound.
2:48 of 2nd period - Snap shot by Connor Murphy.
2:48 of 2nd period - Stopped by Linus Ullmark with a rebound.
2:50 of 2nd period - Wrist shot by Max Domi.
2:50 of 2nd period - Shot Misses the Net.
3:08 of 2nd period - Wrist shot by Brayden Schenn.
3:08 of 2nd period - Shot Misses the Net.
3:20 of 2nd period - Wrist shot by Max Domi.
3:20 of 2nd period - Stopped by Linus Ullmark without a rebound.
3:21 of 2nd period - J.T. Compher wins face-off versus Adam Henrique in Anaheim Ducks zone.
3:47 of 2nd period - Esa Lindell is hit by Jack Roslovic and loses puck.
4:10 of 2nd period - Slapshot by T.J. Oshie.
4:10 of 2nd period - Stopped by Linus Ullmark without a rebound.
4:11 of 2nd period - J.T. Compher wins face-off versus Matthew Knies in Anaheim Ducks zone.
4:24 of 2nd period - Wrist shot by Chandler Stephenson.
4:24 of 2nd period - Shot Blocked by Matthew Knies.
4:26 of 2nd period - Slapshot by Josh Manson.
4:26 of 2nd period - Stopped by Logan Thompson without a rebound.
4:27 of 2nd period - Adam Henrique wins face-off versus Mark Scheifele in San Jose Sharks zone.
4:36 of 2nd period - Wrist shot by Kevin Fiala.
4:36 of 2nd period - Stopped by Linus Ullmark without a rebound.
4:37 of 2nd period - Mark Scheifele wins face-off versus Adam Henrique in Anaheim Ducks zone.
4:37 of 2nd period - Mark Scheifele is hit by Christopher Tanev.
4:49 of 2nd period - Snap shot by Mark Scheifele.
4:49 of 2nd period - Stopped by Logan Thompson with a rebound.
4:57 of 2nd period - Wrist shot by Adam Henrique.
4:57 of 2nd period - Deflect By Kevin Fiala.
4:57 of 2nd period - Shot Misses the Net.
4:57 of 2nd period - Puck is out of play.
4:58 of 2nd period - Christian Dvorak wins face-off versus Alex Killorn in Anaheim Ducks zone.
5:01 of 2nd period - Snap shot by Anthony Mantha.
5:01 of 2nd period - Shot Blocked by Joshua Morrissey.
5:11 of 2nd period - Snap shot by Anthony Mantha.
5:11 of 2nd period - Shot Blocked by Brayden Schenn.
5:23 of 2nd period - Max Domi is hit by Mark Scheifele.
5:31 of 2nd period - Matthew Knies is hit by Mark Scheifele and loses puck.
5:51 of 2nd period - Christopher Tanev is hit by J.T. Compher and loses puck.
6:06 of 2nd period - Christopher Tanev is hit by Brenden Dillon and loses puck.
6:56 of 2nd period - Snap shot by Mark Scheifele.
6:56 of 2nd period - Stopped by Logan Thompson with a rebound.
6:58 of 2nd period - Wrist shot by William Nylander.
6:58 of 2nd period - Shot Misses the Net.
7:00 of 2nd period - Wrist shot by William Nylander.
7:00 of 2nd period - Shot Misses the Net.
7:20 of 2nd period - Backhand shot by Chandler Stephenson.
7:20 of 2nd period - Stopped by Logan Thompson without a rebound.
7:21 of 2nd period - Mark Scheifele wins face-off versus Christian Dvorak in San Jose Sharks zone.
8:02 of 2nd period - Joshua Morrissey is hit by Max Domi and loses puck.
8:21 of 2nd period - Slapshot by Nazem Kadri.
8:21 of 2nd period - Shot Blocked by T.J. Oshie.
8:27 of 2nd period - Wrist shot by Brayden Schenn.
8:27 of 2nd period - Stopped by Logan Thompson without a rebound.
8:28 of 2nd period - Mark Scheifele wins face-off versus Christian Dvorak in San Jose Sharks zone.
8:34 of 2nd period - Minor Penalty to Dmitry Orlov for Tripping.
8:35 of 2nd period - John Tavares wins face-off versus Adam Henrique in San Jose Sharks zone.
8:39 of 2nd period - Wrist shot by William Nylander.
8:39 of 2nd period - Shot Misses the Net.
8:43 of 2nd period - Backhand shot by William Nylander.
8:43 of 2nd period - Shot Misses the Net.
8:45 of 2nd period - Snap shot by William Nylander.
8:45 of 2nd period - Deflect By Mark Scheifele.
8:45 of 2nd period - Stopped by Logan Thompson with a rebound.
8:47 of 2nd period - Snap shot by Morgan Rielly.
8:47 of 2nd period - Shot Misses the Net.
8:49 of 2nd period - Snap shot by Mark Scheifele.
8:49 of 2nd period - Shot Blocked by Marcus Pettersson.
8:51 of 2nd period - Wrist shot by John Tavares.
8:51 of 2nd period - Stopped by Logan Thompson with a rebound.
9:24 of 2nd period - Slapshot by Ivan Provorov.
9:24 of 2nd period - Shot Misses the Net.
9:56 of 2nd period - Jonathan Drouin is hit by Esa Lindell and loses puck.
10:03 of 2nd period - Wrist shot by Brayden Schenn.
10:03 of 2nd period - Deflect By Nazem Kadri.
10:03 of 2nd period - Shot Misses the Net.
10:03 of 2nd period - Puck is out of play.
10:04 of 2nd period - Mark Scheifele wins face-off versus Adam Henrique in San Jose Sharks zone.
10:34 of 2nd period - Penalty to Dmitry Orlov is over, Dmitry Orlov is back on ice.
10:47 of 2nd period - Wrist shot by Chandler Stephenson.
10:47 of 2nd period - Stopped by Logan Thompson with a rebound.
11:26 of 2nd period - Snap shot by Adam Henrique.
11:26 of 2nd period - Shot Misses the Net.
11:38 of 2nd period - Snap shot by Mason Marchment.
11:38 of 2nd period - Stopped by Logan Thompson with a rebound.
12:29 of 2nd period - Eeli Tolvanen is hit by William Nylander and loses puck.
12:50 of 2nd period - Wrist shot by Nazem Kadri.
12:50 of 2nd period - Deflect By Marcus Pettersson.
12:50 of 2nd period - Stopped by Logan Thompson without a rebound.
12:51 of 2nd period - J.T. Compher wins face-off versus Christian Dvorak in San Jose Sharks zone.
13:22 of 2nd period - Icing by Josh Manson.
13:23 of 2nd period - J.T. Compher wins face-off versus Max Domi in Anaheim Ducks zone.
13:48 of 2nd period - Snap shot by Chandler Stephenson.
13:48 of 2nd period - Goal by Chandler Stephenson - San Jose Sharks : 1 - Anaheim Ducks : 1.
13:49 of 2nd period - Christian Dvorak wins face-off versus Mark Scheifele in neutral zone.
13:56 of 2nd period - Wrist shot by Anthony Mantha.
13:56 of 2nd period - Shot Blocked by John Tavares.
14:16 of 2nd period - Ivan Provorov is hit by Kevin Fiala and loses puck.
14:21 of 2nd period - Slapshot by Yegor Sharangovich.
14:21 of 2nd period - Stopped by Linus Ullmark without a rebound.
14:22 of 2nd period - Nazem Kadri wins face-off versus Adam Henrique in Anaheim Ducks zone.
14:44 of 2nd period - Wrist shot by Adam Henrique.
14:44 of 2nd period - Stopped by Linus Ullmark with a rebound.
14:46 of 2nd period - Snap shot by Adam Henrique.
14:46 of 2nd period - Stopped by Linus Ullmark without a rebound.
14:47 of 2nd period - Mark Scheifele wins face-off versus Christian Dvorak in Anaheim Ducks zone.
14:47 of 2nd period - Mark Scheifele is hit by Anthony Mantha.
15:02 of 2nd period - Snap shot by Christopher Tanev.
15:02 of 2nd period - Deflect By Jonathan Drouin.
15:02 of 2nd period - Stopped by Linus Ullmark without a rebound.
15:03 of 2nd period - Nazem Kadri wins face-off versus Yegor Sharangovich in Anaheim Ducks zone.
16:07 of 2nd period - Wrist shot by Jack Roslovic.
16:07 of 2nd period - Stopped by Linus Ullmark without a rebound.
16:08 of 2nd period - Ryan Poehling wins face-off versus Mason Marchment in Anaheim Ducks zone.
17:08 of 2nd period - Wrist shot by Luke Evangelista.
17:08 of 2nd period - Shot Blocked by Sean Durzi.
17:21 of 2nd period - Off-side.
17:22 of 2nd period - Mark Scheifele wins face-off versus Christian Dvorak in neutral zone.
17:39 of 2nd period - Icing by Marcus Pettersson.
17:40 of 2nd period - Nazem Kadri wins face-off versus Christian Dvorak in San Jose Sharks zone.
18:41 of 2nd period - Backhand shot by Mark Scheifele.
18:41 of 2nd period - Shot Misses the Net.
18:51 of 2nd period - Snap shot by Matthew Knies.
18:51 of 2nd period - Stopped by Linus Ullmark with a rebound.
19:28 of 2nd period - Adam Henrique is hit by Luke Evangelista and loses puck.
19:35 of 2nd period - Snap shot by Joshua Morrissey.
19:35 of 2nd period - Shot Misses the Net.
19:49 of 2nd period - Wrist shot by T.J. Oshie.
19:49 of 2nd period - Stopped by Linus Ullmark with a rebound.
19:51 of 2nd period - Slapshot by Nick Perbix.
19:51 of 2nd period - Shot Misses the Net.
19:53 of 2nd period - Slapshot by Dmitry Orlov.
19:53 of 2nd period - Stopped by Linus Ullmark with a rebound.
Goals for this period are 0 for San Jose Sharks vs 1 for Anaheim Ducks.
Shots for this period are 13 for San Jose Sharks vs 12 for Anaheim Ducks.
3rd period
0:01 of 3rd period - Christian Dvorak wins face-off versus Mark Scheifele in neutral zone.
0:26 of 3rd period - Brayden Schenn is hit by Yegor Sharangovich.
0:53 of 3rd period - Mason Marchment is hit by T.J. Oshie.
1:14 of 3rd period - Off-side.
1:15 of 3rd period - Ryan Poehling wins face-off versus John Tavares in neutral zone.
1:36 of 3rd period - Snap shot by Jack Roslovic.
1:36 of 3rd period - Stopped by Linus Ullmark with a rebound.
1:42 of 3rd period - Ryan Poehling is hit by Mark Scheifele.
1:52 of 3rd period - Sean Durzi is hit by Mark Scheifele and loses puck.
2:23 of 3rd period - Snap shot by Jack Roslovic.
2:23 of 3rd period - Stopped by Linus Ullmark with a rebound.
2:25 of 3rd period - Snap shot by Jack Roslovic.
2:25 of 3rd period - Shot Misses the Net.
2:27 of 3rd period - Snap shot by Ryan Poehling.
2:27 of 3rd period - Shot Misses the Net.
2:29 of 3rd period - Snap shot by Jack Roslovic.
2:29 of 3rd period - Shot Misses the Net.
2:31 of 3rd period - Slapshot by Marcus Pettersson.
2:31 of 3rd period - Shot Misses the Net.
2:33 of 3rd period - Slapshot by Ryan Poehling.
2:33 of 3rd period - Shot Misses the Net.
2:35 of 3rd period - Snap shot by Jack Roslovic.
2:35 of 3rd period - Deflect By Eeli Tolvanen.
2:35 of 3rd period - Shot Misses the Net.
2:35 of 3rd period - Puck is out of play.
2:36 of 3rd period - Nazem Kadri wins face-off versus Christian Dvorak in Anaheim Ducks zone.
3:05 of 3rd period - Backhand shot by Yegor Sharangovich.
3:05 of 3rd period - Stopped by Linus Ullmark without a rebound.
3:06 of 3rd period - Adam Henrique wins face-off versus J.T. Compher in Anaheim Ducks zone.
3:19 of 3rd period - Wrist shot by Adam Henrique.
3:19 of 3rd period - Shot Misses the Net.
3:21 of 3rd period - Backhand shot by Sean Durzi.
3:21 of 3rd period - Deflect By Kevin Fiala.
3:21 of 3rd period - Stopped by Linus Ullmark with a rebound.
3:51 of 3rd period - Snap shot by Chandler Stephenson.
3:51 of 3rd period - Shot Misses the Net.
3:59 of 3rd period - Chandler Stephenson is hit by Christian Dvorak and loses puck.
4:12 of 3rd period - Wrist shot by Chandler Stephenson.
4:12 of 3rd period - Stopped by Logan Thompson with a rebound.
4:22 of 3rd period - Snap shot by Alex Killorn.
4:22 of 3rd period - Stopped by Logan Thompson without a rebound.
4:23 of 3rd period - Christian Dvorak wins face-off versus Mark Scheifele in San Jose Sharks zone.
4:34 of 3rd period - Icing by Mark Scheifele.
4:35 of 3rd period - Christian Dvorak wins face-off versus Mark Scheifele in Anaheim Ducks zone.
4:49 of 3rd period - Slapshot by Mark Scheifele.
4:49 of 3rd period - Stopped by Logan Thompson with a rebound.
4:51 of 3rd period - Snap shot by William Nylander.
4:51 of 3rd period - Stopped by Logan Thompson with a rebound.
4:53 of 3rd period - Wrist shot by Ivan Provorov.
4:53 of 3rd period - Shot Misses the Net.
4:55 of 3rd period - Snap shot by William Nylander.
4:55 of 3rd period - Stopped by Logan Thompson without a rebound.
4:56 of 3rd period - Nazem Kadri wins face-off versus Adam Henrique in San Jose Sharks zone.
5:07 of 3rd period - Snap shot by Nazem Kadri.
5:07 of 3rd period - Stopped by Logan Thompson without a rebound.
5:08 of 3rd period - Adam Henrique wins face-off versus Mark Scheifele in San Jose Sharks zone.
5:08 of 3rd period - Adam Henrique is hit by Morgan Rielly.
5:18 of 3rd period - Slapshot by Kevin Fiala.
5:18 of 3rd period - Stopped by Linus Ullmark without a rebound.
5:19 of 3rd period - Mark Scheifele wins face-off versus Christian Dvorak in Anaheim Ducks zone.
6:42 of 3rd period - Minor Penalty to Marcus Pettersson for Interference.
6:43 of 3rd period - Adam Henrique wins face-off versus Mark Scheifele in San Jose Sharks zone.
7:31 of 3rd period - Ivan Provorov is hit by Jonathan Drouin and loses puck.
8:23 of 3rd period - Adam Henrique is hit by Brayden Schenn and loses puck.
8:42 of 3rd period - Penalty to Marcus Pettersson is over, Marcus Pettersson is back on ice.
8:52 of 3rd period - Dmitry Orlov is hit by Esa Lindell and loses puck.
9:09 of 3rd period - Ryan Poehling is hit by Mason Marchment and loses puck.
9:46 of 3rd period - Wrist shot by Yegor Sharangovich.
9:46 of 3rd period - Stopped by Linus Ullmark without a rebound.
9:47 of 3rd period - Adam Henrique wins face-off versus Mark Scheifele in Anaheim Ducks zone.
9:48 of 3rd period - Wrist shot by Yegor Sharangovich.
9:48 of 3rd period - Stopped by Linus Ullmark without a rebound.
9:49 of 3rd period - John Tavares wins face-off versus Christian Dvorak in Anaheim Ducks zone.
10:03 of 3rd period - Snap shot by John Tavares.
10:03 of 3rd period - Stopped by Logan Thompson without a rebound.
10:04 of 3rd period - Nazem Kadri wins face-off versus Max Domi in San Jose Sharks zone.
10:09 of 3rd period - Snap shot by Alex Killorn.
10:09 of 3rd period - Deflect By Nazem Kadri.
10:09 of 3rd period - Shot Blocked by T.J. Oshie.
10:09 of 3rd period - Puck is out of play.
10:10 of 3rd period - Nazem Kadri wins face-off versus Max Domi in San Jose Sharks zone.
10:19 of 3rd period - Snap shot by Nazem Kadri.
10:19 of 3rd period - Stopped by Logan Thompson with a rebound.
10:21 of 3rd period - Slapshot by Joshua Morrissey.
10:21 of 3rd period - Stopped by Logan Thompson with a rebound.
10:23 of 3rd period - Wrist shot by Nazem Kadri.
10:23 of 3rd period - Stopped by Logan Thompson without a rebound.
10:24 of 3rd period - Mark Scheifele wins face-off versus Christian Dvorak in San Jose Sharks zone.
10:33 of 3rd period - John Tavares is hit by Christopher Tanev and loses puck.
10:46 of 3rd period - Minor Penalty to Christopher Tanev for Holding.
10:47 of 3rd period - Mark Scheifele wins face-off versus Adam Henrique in San Jose Sharks zone.
10:50 of 3rd period - Wrist shot by Mark Scheifele.
10:50 of 3rd period - Stopped by Logan Thompson without a rebound.
10:51 of 3rd period - Adam Henrique wins face-off versus Mark Scheifele in San Jose Sharks zone.
11:02 of 3rd period - Jonathan Drouin is hit by Mark Scheifele and loses puck.
11:58 of 3rd period - Icing by Mark Scheifele.
11:59 of 3rd period - Mark Scheifele wins face-off versus Jonathan Drouin in Anaheim Ducks zone.
12:04 of 3rd period - Wrist shot by Anthony Mantha.
12:04 of 3rd period - Stopped by Linus Ullmark without a rebound.
12:05 of 3rd period - Jonathan Drouin wins face-off versus Nazem Kadri in Anaheim Ducks zone.
12:06 of 3rd period - Slapshot by Anthony Mantha.
12:06 of 3rd period - Stopped by Linus Ullmark without a rebound.
12:07 of 3rd period - Nazem Kadri wins face-off versus Adam Henrique in Anaheim Ducks zone.
12:14 of 3rd period - Snap shot by Alex Killorn.
12:14 of 3rd period - Shot Blocked by Connor Murphy.
12:16 of 3rd period - Wrist shot by Nazem Kadri.
12:16 of 3rd period - Shot Misses the Net.
12:18 of 3rd period - Slapshot by Alex Killorn.
12:18 of 3rd period - Shot Misses the Net.
12:20 of 3rd period - Backhand shot by Alex Killorn.
12:20 of 3rd period - Stopped by Logan Thompson without a rebound.
12:21 of 3rd period - Nazem Kadri wins face-off versus Adam Henrique in San Jose Sharks zone.
12:26 of 3rd period - Snap shot by Brayden Schenn.
12:26 of 3rd period - Shot Misses the Net.
12:46 of 3rd period - Penalty to Christopher Tanev is over, Christopher Tanev is back on ice.
12:52 of 3rd period - Slapshot by Joshua Morrissey.
12:52 of 3rd period - Shot Misses the Net.
12:58 of 3rd period - Wrist shot by Max Domi.
12:58 of 3rd period - Stopped by Linus Ullmark without a rebound.
12:59 of 3rd period - Adam Henrique wins face-off versus Nazem Kadri in Anaheim Ducks zone.
13:02 of 3rd period - Snap shot by Yegor Sharangovich.
13:02 of 3rd period - Stopped by Linus Ullmark without a rebound.
13:03 of 3rd period - Adam Henrique wins face-off versus Nazem Kadri in Anaheim Ducks zone.
13:14 of 3rd period - Wrist shot by Yegor Sharangovich.
13:14 of 3rd period - Stopped by Linus Ullmark with a rebound.
13:16 of 3rd period - Slapshot by Christopher Tanev.
13:16 of 3rd period - Shot Misses the Net.
13:18 of 3rd period - Snap shot by Yegor Sharangovich.
13:18 of 3rd period - Shot Blocked by Brenden Dillon.
13:30 of 3rd period - Snap shot by William Nylander.
13:30 of 3rd period - Stopped by Logan Thompson without a rebound.
13:31 of 3rd period - Christian Dvorak wins face-off versus John Tavares in San Jose Sharks zone.
13:31 of 3rd period - Christian Dvorak is hit by Ivan Provorov.
13:37 of 3rd period - Wrist shot by Jonathan Drouin.
13:37 of 3rd period - Shot Blocked by William Nylander.
13:39 of 3rd period - Slapshot by Jonathan Drouin.
13:39 of 3rd period - Shot Misses the Net.
13:41 of 3rd period - Wrist shot by Anthony Mantha.
13:41 of 3rd period - Shot Misses the Net.
13:43 of 3rd period - Snap shot by Anthony Mantha.
13:43 of 3rd period - Shot Blocked by John Tavares.
13:45 of 3rd period - Slapshot by Dmitry Orlov.
13:45 of 3rd period - Shot Misses the Net.
13:47 of 3rd period - Slapshot by Christian Dvorak.
13:47 of 3rd period - Shot Blocked by Ivan Provorov.
13:49 of 3rd period - Snap shot by Christian Dvorak.
13:49 of 3rd period - Goal by Christian Dvorak - San Jose Sharks : 2 - Anaheim Ducks : 1.
13:50 of 3rd period - Mark Scheifele wins face-off versus Adam Henrique in neutral zone.
13:50 of 3rd period - John Tavares is hit by Sean Durzi and loses puck.
14:17 of 3rd period - Nazem Kadri is hit by Max Domi and loses puck.
14:22 of 3rd period - Wrist shot by T.J. Oshie.
14:22 of 3rd period - Stopped by Linus Ullmark with a rebound.
14:40 of 3rd period - Slapshot by Esa Lindell.
14:40 of 3rd period - Shot Misses the Net.
14:42 of 3rd period - Wrist shot by J.T. Compher.
14:42 of 3rd period - Shot Misses the Net.
14:44 of 3rd period - Slapshot by Esa Lindell.
14:44 of 3rd period - Shot Blocked by Christian Dvorak.
14:44 of 3rd period - Christian Dvorak from San Jose Sharks is injured at 14:44 of 3rd period (Bruised Left Shoulder).
14:45 of 3rd period - Adam Henrique wins face-off versus Mark Scheifele in San Jose Sharks zone.
14:52 of 3rd period - Yegor Sharangovich is hit by William Nylander and loses puck.
15:01 of 3rd period - Slapshot by Kevin Fiala.
15:01 of 3rd period - Shot Blocked by Morgan Rielly.
15:24 of 3rd period - Marcus Pettersson is hit by Alexandre Texier and loses puck.
15:43 of 3rd period - Slapshot by Morgan Rielly.
15:43 of 3rd period - Shot Blocked by Sean Durzi.
15:45 of 3rd period - Slapshot by Ivan Provorov.
15:45 of 3rd period - Shot Blocked by Sean Durzi.
16:08 of 3rd period - Connor Murphy is hit by William Nylander and loses puck.
16:55 of 3rd period - Snap shot by Mark Scheifele.
16:55 of 3rd period - Goal by Mark Scheifele - San Jose Sharks : 2 - Anaheim Ducks : 2.
16:56 of 3rd period - Max Domi wins face-off versus J.T. Compher in neutral zone.
18:04 of 3rd period - Wrist shot by Mark Scheifele.
18:04 of 3rd period - Stopped by Logan Thompson without a rebound.
18:05 of 3rd period - Yegor Sharangovich wins face-off versus Mark Scheifele in San Jose Sharks zone.
18:05 of 3rd period - Yegor Sharangovich is hit by Morgan Rielly.
18:10 of 3rd period - Off-side.
18:11 of 3rd period - J.T. Compher wins face-off versus Max Domi in neutral zone.
18:16 of 3rd period - T.J. Oshie is hit by J.T. Compher and loses puck.
18:36 of 3rd period - Snap shot by William Nylander.
18:36 of 3rd period - Shot Misses the Net.
18:38 of 3rd period - Snap shot by John Tavares.
18:38 of 3rd period - Stopped by Logan Thompson without a rebound.
18:39 of 3rd period - Mark Scheifele wins face-off versus Eeli Tolvanen in San Jose Sharks zone.
18:43 of 3rd period - Minor Penalty to Eeli Tolvanen for Tripping.
18:44 of 3rd period - Adam Henrique wins face-off versus Mark Scheifele in San Jose Sharks zone.
18:52 of 3rd period - Christopher Tanev is hit by John Tavares and loses puck.
19:22 of 3rd period - Snap shot by Nazem Kadri.
19:22 of 3rd period - Shot Misses the Net.
Goals for this period are 1 for San Jose Sharks vs 1 for Anaheim Ducks.
Shots for this period are 14 for San Jose Sharks vs 16 for Anaheim Ducks.
Overtime #1
0:01 of 1st overtime period - William Nylander wins face-off versus Adam Henrique in neutral zone.
0:43 of 1st overtime period - Penalty to Eeli Tolvanen is over, Eeli Tolvanen is back on ice.
0:50 of 1st overtime period - Morgan Rielly is hit by Anthony Mantha and loses puck.
2:52 of 1st overtime period - John Tavares is hit by Eeli Tolvanen and loses puck.
3:43 of 1st overtime period - Matthew Knies is hit by William Nylander and loses puck.
4:42 of 1st overtime period - Snap shot by Max Domi.
4:42 of 1st overtime period - Stopped by Linus Ullmark without a rebound.
4:43 of 1st overtime period - Adam Henrique wins face-off versus Mark Scheifele in Anaheim Ducks zone.
Goals for this period are 0 for San Jose Sharks vs 0 for Anaheim Ducks.
Shots for this period are 1 for San Jose Sharks vs 0 for Anaheim Ducks.
ShootOut
5:00 of 1st overtime period - Round #1.
5:00 of 1st overtime period - San Jose Sharks, Adam Henrique.
5:00 of 1st overtime period - Snap shot by Adam Henrique.
5:00 of 1st overtime period - Shot Misses the Net.
5:00 of 1st overtime period - Anaheim Ducks, Alexandre Texier.
5:00 of 1st overtime period - Wrist shot by Alexandre Texier.
5:00 of 1st overtime period - Stopped by Logan Thompson.
5:00 of 1st overtime period - Round #2.
5:00 of 1st overtime period - San Jose Sharks, Yegor Sharangovich.
5:00 of 1st overtime period - Snap shot by Yegor Sharangovich.
5:00 of 1st overtime period - Shot Misses the Net.
5:00 of 1st overtime period - Anaheim Ducks, Brenden Dillon.
5:00 of 1st overtime period - Backhand shot by Brenden Dillon.
5:00 of 1st overtime period - Stopped by Logan Thompson.
5:00 of 1st overtime period - Round #3.
5:00 of 1st overtime period - San Jose Sharks, Jonathan Drouin.
5:00 of 1st overtime period - Snap shot by Jonathan Drouin.
5:00 of 1st overtime period - Stopped by Linus Ullmark.
5:00 of 1st overtime period - Anaheim Ducks, Mark Scheifele.
5:00 of 1st overtime period - Backhand shot by Mark Scheifele.
5:00 of 1st overtime period - Stopped by Logan Thompson.
5:00 of 1st overtime period - Round #4.
5:00 of 1st overtime period - San Jose Sharks, Anthony Mantha.
5:00 of 1st overtime period - Deke by Anthony Mantha.
5:00 of 1st overtime period - Stopped by Linus Ullmark.
5:00 of 1st overtime period - Anaheim Ducks, John Tavares.
5:00 of 1st overtime period - Deke by John Tavares.
5:00 of 1st overtime period - Goal by John Tavares.
Back to the Top